 Dungeon Crawl Stone Soup version 0.32-a0-976-g7161d331b1 (webtiles) character file.

Game seed: 3109940121556400624

13698 Bapho the Grappler (level 11, -2/68 HPs)
             Began as a White Draconian Shapeshifter on Apr 20, 2024.
             Was a Believer of Ashenzari.
             Slain by a komodo dragon (16 damage)
             ... on level 1 of the Lair of Beasts.
             The game lasted 00:30:45 (10696 turns).

Bapho the Grappler (White Draconian Shapeshifter)  Turns: 10696, Time: 00:30:45

Health: -2/68      AC:  9    Str: 28    XL:     11   Next: 79%
Magic:  11/11      EV:  7    Int: 16    God:    Ashenzari [**....]
Gold:   519        SH:  0    Dex: 14    Spells: 10/10 levels left

rFire   x .          .
                       - Unarmed
rCold   + + .        (shield currently unavailable)
rNeg    . . .        (body armour unavailable)
rPois   +            (helmet currently unavailable)
rElec   .            d - melded +2 cloak "Unveiling Desperation" {Fort, Cun} (curse)
rCorr   .            (gloves currently unavailable)
SInv    +            (boots currently unavailable)
Will    .....        n - amulet of Supernal Wisdom {Faith, Melee, Range} (curse)
Stlth   +            E - ring of Ashenzari's Ethics {Int+6, Range, Melee} (curse)
HPRegen 0.31/turn    (no ring)
MPRegen 0.12/turn

%: clarity, faith
@: dragon-form, flying
A: dragon claw, dragon scales, flying, reduced hp, glacial breath, AC +7, giant,
unfitting armour, (cold resistance 1), (cold-blooded), clarity, (poison
resistance), robust 1, subdued magic 1
a: Glacial Breath, Begin Untransformation, Renounce Religion, Shatter the Chains


You were on level 1 of the Lair of Beasts.
You worshipped Ashenzari.
Ashenzari was pleased with you.
You were a fearsome ice dragon!
You visited 3 branches of the dungeon, and saw 12 of its levels.
You also visited: Sewer.

You collected 751 gold pieces.
You spent 232 gold pieces at shops.

Inventory:

Missiles
 w - a throwing net (quivered)
Armour
 d - the cursed +2 cloak "Unveiling Desperation" (melded) {Fort, Cun}
   (You bought it in a shop on level 2 of the Dungeon)

   It has a curse which improves the following skills: Fortitude: Shields.
   Cunning:   Dodging and Stealth.
 D - a +0 pair of gloves
Jewellery
 n - the cursed amulet of Supernal Wisdom (around neck) {Faith, Melee, Range}
   (You found it on level 2 of the Dungeon)

   [amulet of faith]

   Faith:     It allows you to gain divine favour quickly.
   It has a curse which improves the following skills: Melee Combat: Short
   Blades, Long Blades, Axes, Maces & Flails, Polearms, Staves and Unarmed
   Combat.
   Ranged Combat: Ranged Weapons and Throwing.
 u - a ring of wizardry
 x - a ring of magical power
 z - a ring of wizardry
 A - a ring of fire
 E - the cursed ring of Ashenzari's Ethics (left foreclaw) {Int+6, Range, Melee}
   (You found it on level 9 of the Dungeon)

   [ring of intelligence]

   Int+6:     It affects your intelligence (+6).
   It has a curse which improves the following skills: Ranged Combat: Ranged
   Weapons and Throwing.
   Melee Combat: Short Blades, Long Blades, Axes, Maces & Flails, Polearms,
   Staves and Unarmed Combat.
Talismans
 b - a beast talisman
 c - a flux talisman
 l - a maw talisman
 H - a dragon-blood talisman (active)
Wands
 o - a wand of flame (70)
 y - a wand of paralysis (10)
 G - a wand of digging (8)
Scrolls
 a - 5 scrolls of teleportation
 h - 4 scrolls of blinking
 k - 6 scrolls of identify
 q - 2 scrolls of fog
 s - a scroll of fear
 t - 2 scrolls of poison
 B - a scroll of silence
 C - a scroll of immolation
 F - a scroll of revelation
Potions
 e - 2 potions of mutation
 f - 3 potions of attraction
 g - 2 potions of brilliance
 i - 2 potions of heal wounds
 j - a potion of magic
 m - a potion of cancellation
 p - a potion of berserk rage
 r - a potion of enlightenment
 v - 2 potions of curing
 I - a potion of lignification


   Skills:
 - Level 8.3 Fighting
 - Level 3.2 Dodging
 - Level 13.9(15.5) Unarmed Combat
 + Level 2.8 Evocations
 + Level 10.3 Shapeshifting


You had 10 spell levels left.
You didn't know any spells.
Your spell library contained the following spells:

 Spells                   Type           Power      Damage    Failure   Level
 Frozen Ramparts          Ice            0%         1d1       54%         3
 Ozocubu's Armour         Ice            0%         N/A       54%         3
 Vhi's Electric Charge    Tloc/Air       0%         N/A       92%         4
 Arcjolt                  Conj/Air       0%         1d10      100%        5
 Metabolic Englaciation   Hex/Ice        0%         N/A       100%        5
 Conjure Ball Lightning   Conj/Air       0%         3x3d6     100%        6
 Plasma Beam              Fire/Air       0%         2x1d10    100%        6
 Discord                  Hex            0%         N/A       100%        8
 Disjunction              Tloc           0%         N/A       100%        8


Dungeon Overview and Level Annotations

Branches:
Dungeon (10/15)            Temple (1/1) D:4            Lair (1/5) D:8
  Sewer (visited)
    Orc: D:9-12

Altars:
Ashenzari
Cheibriados
Dithmenos
Elyvilon
Fedhas
Gozag
Hepliaklqana
Kikubaaqudgha
Makhleb
Nemelex Xobeh
Okawaru
Qazlal
Ru
Sif Muna
Trog
Uskayaw
Vehumet
Wu Jian
Xom
Yredelemnul
Zin
The Shining One

Shops:
D:2 [[   D:5 (   D:10 !

Annotations:
D:10 2 transporters, WhiterunGuard03's ghost, novice GrFi
Lair:1 1 transporter


Innate Abilities, Weirdness & Mutations

You are a fearsome ice dragon!
You have a powerful clawing attack.
Your giant scaled body is strong and resilient, but less evasive.
Your breath weapon is enhanced in this form.
You are flying.
Your maximum health is decreased, since you lack skill for your form.
Your armour is entirely melded.
You are incapable of wielding weapons or throwing items.
You can breathe waves of cold which freeze foes solid.
Your icy white scales are hard. (AC +7)
You cannot fit into any form of body armour.
((Your flesh is cold resistant. (rC+)))
((You are cold-blooded and may be slowed by cold attacks.))
You possess an exceptional clarity of mind.
((Your system is resistant to poisons. (rPois)))
You are robust. (+10% HP)
Your spells are a little easier to cast, but a little less powerful.


Message History

The glacial breath hits the six-headed hydra!!
The six-headed hydra is heavily wounded.
The six-headed hydra bites you but does no damage.
The six-headed hydra bites you. x2; The six-headed hydra bites you!
The six-headed hydra closely misses you.
The six-headed hydra completely misses you.
Aiming: Glacial Breath
Press: ? - help, Shift-Dir - straight line, f/p - six-headed hydra
Aim: a six-headed hydra (heavily wounded, 95% to hit)
You exhale a wave of glacial cold.
The glacial breath hits the six-headed hydra!!
The six-headed hydra is severely wounded.
You hear an angry hiss.
The six-headed hydra barely misses you.
The six-headed hydra bites you but does no damage.
The six-headed hydra bites you. The six-headed hydra bites you! x2
* * * LOW HITPOINT WARNING * * *
The six-headed hydra bites you!
* * * LOW HITPOINT WARNING * * *
Aiming: Glacial Breath
Press: ? - help, Shift-Dir - straight line, f/p - six-headed hydra
Aim: a six-headed hydra (severely wounded, 95% to hit)
You exhale a wave of glacial cold.
The glacial breath hits the six-headed hydra!!
The six-headed hydra is frozen into a solid block of ice!
You kill the six-headed hydra!
You start resting.
A komodo dragon comes into view.
A komodo dragon is nearby!
You maul the hydra shaped block of ice!!!
You bite the hydra shaped block of ice, but do no damage.
The hydra shaped block of ice is almost destroyed.
You bite the hydra shaped block of ice!!
You destroy the hydra shaped block of ice!
You start resting.
A komodo dragon is nearby!
A komodo dragon comes into view.
The komodo dragon hisses angrily.
The komodo dragon bites you!
You die...

.. ... .... ... ##..## #.# . ##
##....###.#####.. .
.................
...............© #######
#.............
##....#####...l.D.......# ###.#
.................l.......# ....##
.........................## .i.#.
.####..####.######........###ii.#
## #P(.# ### #..........#####
#####..# ##### ##...............
.##.#..####.#.###P...............
.................................
...............................<.


You could see 2 komodo dragons.

Vanquished Creatures
  A hydra (Lair:1)
  A skyshark (Lair:1)
  Nergalle (D:10)
  A centaur zombie (D:10)
  A gargoyle (D:10)
  Jeremiah (D:9)
  Maggie (D:10)
  A troll (D:9)
  2 vampires (D:9)
  2 wyverns (D:7)
  6 yaks
  A steam dragon (D:7)
  Menkaure (D:5)
  2 acid dragons (D:9)
  3 water moccasins (D:8)
  2 black bears (D:8)
  An ice beast (D:7)
  3 orc warriors
  3 sky beasts
  An ogre (D:6)
  3 centaurs
  2 phantoms (D:5)
  6 kobold brigands (Sewer)
  2 gnoll sergeants
  A brain worm (Sewer)
  4 bullfrogs (D:8)
  2 scorpions
  3 killer bees (D:8)
  9 howler monkeys
  An electric eel (D:10)
  3 bombardier beetles
  2 hounds (D:5)
  2 jellies
  4 orc priests
  2 sleepcaps
  6 orc wizards
  A mummy (D:4)
  A howler monkey zombie (D:10)
  12 gnolls
  9 adders
  A river rat (Sewer)
  A shadow imp (D:6)
  A white imp (D:6)
  3 dart slugs
  6 ribbon worms
  28 orcs
  5 bats
  7 endoplasms
  4 giant cockroaches
  5 goblins
  3 hobgoblins
  10 jackals
  A quokka (D:4)
  7 ball pythons
  2 frilled lizards (D:1)
  A hobgoblin zombie (D:4)
  11 kobolds
  2 kobold zombies (D:4)
  An orc zombie (D:4)
  13 rats
222 creatures vanquished.

Notes
Turn   | Place    | Note
-------+----------+-------------------------------------------
     0 | D:1      | Bapho the Draconian Shapeshifter began the quest for the
                  | Orb.
     0 | D:1      | Reached XP level 1. HP: 16/16 MP: 1/1
   308 | D:1      | Reached XP level 2. HP: 23/23 MP: 2/2
   644 | D:2      | Found Oleacwas's Antique Armour Shop.
   730 | D:2      | Reached XP level 3. HP: 28/28 MP: 3/3
  1392 | D:2      | Reached XP level 4. HP: 35/35 MP: 4/4
  1479 | D:2      | Found Toagumm's Antique Armour Shoppe.
  1734 | D:3      | Found a glowing drain.
  1741 | Sewer    | Entered a sewer
  1772 | Sewer    | Noticed a kobold brigand
  1796 | Sewer    | Killed a kobold brigand
  1797 | Sewer    | Reached skill level 5 in Shapeshifting
  1797 | Sewer    | Reached XP level 5. HP: 16/40 MP: 5/5
  2243 | Sewer    | Reached XP level 6. HP: 31/47 MP: 6/6
  2480 | Sewer    | Gained mutation: You are robust. (+10% HP) [potion of
                  | mutation]
  2480 | Sewer    | Gained mutation: Your spells are a little easier to cast,
                  | but a little less powerful. [potion of mutation]
  2480 | Sewer    | Gained mutation: You possess an exceptional clarity of
                  | mind. [potion of mutation]
  2480 | Sewer    | Gained mutation: Your system is resistant to poisons.
                  | (rPois) [potion of mutation]
  2727 | Sewer    | Reached skill level 4 in Unarmed Combat
  2727 | Sewer    | Your scales start taking on an icy white colour.
  2727 | Sewer    | Reached XP level 7. HP: 37/57 MP: 7/7
  2727 | Sewer    | Gained mutation: Your flesh is cold resistant. (rC+) [White
                  | Draconian growth]
  2951 | Sewer    | Reached skill level 5 in Unarmed Combat
  3084 | D:3      | Found a burning altar of Makhleb.
  3327 | D:3      | Found an iron altar of Okawaru.
  3630 | D:4      | Found a hazy altar of Hepliaklqana.
  3679 | D:4      | Found an opulent altar of Gozag.
  3816 | D:4      | Found a staircase to the Ecumenical Temple.
  3843 | Temple   | Entered the Ecumenical Temple
  3872 | Temple   | Became a worshipper of Ashenzari the Shackled
  4286 | D:5      | Entered Level 5 of the Dungeon
  4286 | D:5      | Found Coug's Antique Weapon Shop.
  4328 | D:5      | Noticed Menkaure
  4331 | D:5      | Killed Menkaure
  4332 | D:5      | Reached XP level 8. HP: 64/64 MP: 8/8
  4646 | D:5      | You fall into a shaft and drop 2 floors!
  5336 | D:2      | Bought an embroidered cloak for 232 gold pieces
  6197 | D:7      | Reached skill level 10 in Shapeshifting
  6737 | D:7      | Reached XP level 9. HP: 72/74 MP: 9/9
  7002 | D:7      | Reached * piety under Ashenzari
  7047 | D:7      | Found a stormy altar of Qazlal.
  7053 | D:7      | Reached skill level 6 in Unarmed Combat
  7231 | D:7      | Identified the +1 ring mail of Duwerius {Str+3}
  7341 | D:8      | Reached skill level 7 in Unarmed Combat
  7572 | D:8      | Reached skill level 8 in Unarmed Combat
  7823 | D:8      | Reached skill level 9 in Unarmed Combat
  7858 | D:8      | Reached XP level 10. HP: 67/84 MP: 10/10
  7967 | D:8      | Reached skill level 10 in Unarmed Combat
  7967 | D:8      | Found a staircase to the Lair.
  8117 | D:9      | Noticed Jeremiah
  8136 | D:9      | Reached skill level 12 in Unarmed Combat
  8136 | D:9      | Reached XP level 11. HP: 40/104 MP: 11/11
  8489 | D:9      | Killed Jeremiah
  8631 | D:9      | Found a white marble altar of Elyvilon.
  9173 | D:9      | Found a blossoming altar of Fedhas.
  9179 | D:9      | Found a snail-covered altar of Cheibriados.
  9179 | D:9      | Found a hide-covered altar of Uskayaw.
  9269 | D:9      | Reached skill level 13 in Unarmed Combat
  9625 | D:10     | Entered Level 10 of the Dungeon
  9625 | D:10     | Noticed Maggie
  9633 | D:10     | Killed Maggie
  9915 | D:10     | Found Panefiw's Distillery.
  9920 | D:10     | Noticed a two-headed ogre
  9927 | D:10     | Noticed WhiterunGuard03's ghost (novice GrFi)
  9929 | D:10     | Noticed a two-headed ogre
  9931 | D:10     | Noticed a two-headed ogre
  9934 | D:10     | Identified the +1 dire flail "Hezirphe" {pain, rPois rC+
                  | rN++ Int-4}
  9934 | D:10     | Noticed a two-headed ogre
 10155 | D:10     | Reached ** piety under Ashenzari
 10192 | D:10     | Noticed Nergalle
 10202 | D:10     | Killed Nergalle
 10304 | D:10     | Found a sacrificial altar of Ru.
 10323 | D:10     | Found an ancient bone altar of Kikubaaqudgha.
 10344 | D:10     | Found a shadowy altar of Dithmenos.
 10373 | D:10     | Found a transporter.
 10381 | D:10     | Found a transporter.
 10488 | D:10     | Reached skill level 1 in Evocations
 10495 | D:10     | Found a basalt altar of Yredelemnul.
 10615 | Lair:1   | Entered Level 1 of the Lair of Beasts
 10615 | Lair:1   | Found a transporter.
 10657 | Lair:1   | Noticed a skyshark
 10661 | Lair:1   | Noticed a six-headed hydra
 10665 | Lair:1   | Killed a skyshark
 10668 | Lair:1   | Killed a six-headed hydra
 10696 | Lair:1   | Slain by a komodo dragon

Illustrated notes

Levels and vault maps discovered:
D:1:      lemuel_arrival_cross, layout_loops_cross
D:2:      layout_basic, serial_shops, nicolae_shop_statue_plus,
          nicolae_shop_behind_doors, chequers_arboretum, minmay_strange_pillars
D:3:      layout_rooms, okawaru_ov_weapons_minmay,
          mainiacjoe_overflow_small_starburst, gup_sewer_entry_bowl,
          kennysheep_generic_room_11
D:4:      layout_gridville, nicolae_gozag_cash_rules_everything_around_me,
          nicolae_hepliaklqana_hazy_memory, minmay_temple_entry_proselytizer,
          minmay_mini_ossuary
D:5:      layout_loops_ring, serial_shops, shop, uniq_menkaure
D:6:      layout_basic
D:7:      layout_cave_pools, nicolae_qazlal_beasts_of_the_sky,
          hangedman_decor_lopped, chequers_mini_garden, chequers_jeans,
          kennysheep_generic_room_8
D:8:      layout_basic, due_lair_maze_entry_diamond, wad_dig_loot
D:9:      layout_basic, minitemple, mainiacjoe_overflow_surrounded_room,
          nicolae_zig_zag_zippers, uniq_jeremiah
D:10:     layout_cave_pools, mainiacjoe_overflow_alcove_2,
          lemuel_zombie_altar_yredelemnul, nicolae_overflow_squiral,
          gammafunk_ghost_smash, serial_shops, kennysheep_mini_moat,
          uniq_nergalle, uniq_maggie
Temple:   nicolae_temple_ecumenical_triangle
Lair:1:   layout_long_grid, gammafunk_ghost_wrathful_warriors, minmay_holes

Skill      XL: |  1  2  3  4  5  6  7  8  9 10 11 |
---------------+----------------------------------+-----
Shapeshifting  | 4 5 6 7 8 10 | 10.3
Unarmed Combat | 4 5 9 12 13 | 13.9
Dodging        | 2 3 |  3.2
Fighting       | 2 3 8 |  8.3
Evocations     | 2 |  2.8

Action                     |  1- 3 |  4- 6 |  7- 9 | 10-12 || total
---------------------------+-------+-------+-------+-------++-------
  Melee: Unarmed           |    82 |   166 |   445 |   150 ||   843
         Tailslap          |    12 |    10 |    63 |    27 ||   112
         Punch             |       |     5 |     3 |    11 ||    19
         Maw               |       |       |    34 |    59 ||    93
         Bite              |       |       |       |     1 ||     1
 Invoke: Curse Item        |       |       |     3 |     1 ||     4
         Shatter the Chain |       |       |     1 |       ||     1
Ability: Glacial Breath    |       |       |     5 |     6 ||    11
         Begin Untransform |       |       |     1 |       ||     1
  Evoke: Wand              |       |       |     3 |       ||     3
    Use: Scroll            |       |    10 |     6 |       ||    16
         Potion            |       |     5 |       |     3 ||     8
   Stab: Sleeping          |       |     1 |       |       ||     1
 Armour: Skin              |    42 |   105 |   219 |   154 ||   520
  Dodge: Dodged            |    45 |    79 |   254 |    84 ||   462
   Form: Flux              |       |       |     2 |       ||     2
         Maw               |       |       |     1 |       ||     1
         Dragon            |       |       |       |     1 ||     1

Table legend: (Time is in decaauts)
 A = Elapsed time spent in this place.
 B = Non-inter-level travel time spent in this place.
 C = Inter-level travel time spent in this place.
 D = Time resting spent in this place.
 E = Time spent auto-exploring this place.
 F = Levels seen in this place.
 G = Mean time per level.
                   A        B        C        D        E       F      G
               +--------+--------+--------+--------+--------+-----+--------+
         Total |  10786 |  10332 |    454 |   1258 |   7225 |  13 |  829.7 |
       Dungeon |   9249 |   8801 |    448 |   1058 |   6261 |  10 |  924.9 |
        Temple |     34 |     29 |      5 |      0 |      0 |   1 |   34.0 |
          Lair |     78 |     78 |      0 |      5 |     39 |   1 |   78.0 |
         Sewer |   1423 |   1423 |      0 |    195 |    924 |   1 | 1423.0 |
               +--------+--------+--------+--------+--------+-----+--------+

Top non-repeatable levels by time:
   Sewer: 1423 daAuts
     D:9: 1200 daAuts
     D:7: 1101 daAuts
     D:8: 1090 daAuts
     D:6: 1006 daAuts
    D:10: 945 daAuts
     D:2: 876 daAuts
     D:4: 765 daAuts
     D:3: 755 daAuts
     D:5: 755 daAuts
     D:1: 753 daAuts
  Lair:1: 78 daAuts
  Temple: 34 daAuts
